 Dungeon Crawl Stone Soup version 0.31.0-32-g396128a36d (webtiles) character file.

Game seed: 17941804211911234503

104 0gre the Chiller (level 4, 0/32 HPs)
             Began as a Gnoll Ice Elementalist on Apr 19, 2024.
             Slain by a goblin
             ... wielding a +1 dagger of distortion
              (19 damage)
             ... on level 3 of the Dungeon.
             The game lasted 00:07:35 (1206 turns).

0gre the Chiller (Gnoll Ice Elementalist)           Turns: 1206, Time: 00:07:36

Health: 0/32       AC:  2    Str:  7    XL:     4   Next: 80%
Magic:  11/11      EV: 14    Int: 15    God:
Gold:   117        SH:  0    Dex: 14    Spells: 9/13 levels left

rFire   . . .        a - +2 flail (protect)
rCold   . . .        (no shield)
rNeg    . . .        m - +0 robe
rPois   .            (no helmet)
rElec   .            (no cloak)
rCorr   .            (no gloves)
SInv    .            (no boots)
Will    .....        (no amulet)
Stlth   +++          (no ring)
HPRegen 0.25/turn    (no ring)
MPRegen 0.12/turn

%: no passive effects
@: no status effects
A: fangs 1, strong nose, distributed training
a: no special abilities


You were on level 3 of the Dungeon.
You visited 1 branch of the dungeon, and saw 3 of its levels.

You collected 117 gold pieces.

Inventory:

Hand Weapons
 a - a +2 flail of protection (weapon)
 c - a +0 spear
Armour
 m - a +0 robe (worn)
Scrolls
 e - 2 scrolls of identify {unknown}
 g - 2 scrolls of teleportation {unknown}
 i - a scroll of poison {unknown}
 k - a scroll of noise {unknown}
 l - 2 scrolls of blinking {unknown}
 o - a scroll of enchant weapon {unknown}
 p - a scroll of fog {unknown}
Potions
 b - a potion of magic
 d - a potion of curing
 f - 2 potions of heal wounds {unknown}
 h - 2 potions of attraction
 j - a potion of cancellation {unknown}
 n - 2 potions of haste {unknown}


   Skills:
 + Level 1.3 Fighting
 + Level 1.3 Short Blades
 + Level 1.3 Long Blades
 + Level 1.3 Axes
 + Level 1.3 Maces & Flails
 + Level 1.3 Polearms
 + Level 1.3 Staves
 + Level 1.3 Ranged Weapons
 + Level 1.3 Throwing
 + Level 1.3 Armour
 + Level 4.7 Dodging
 + Level 4.3 Stealth
 + Level 1.3 Shields
 + Level 1.3 Unarmed Combat
 + Level 5.1 Spellcasting
 + Level 1.0 Conjurations
 + Level 1.0 Hexes
 + Level 1.0 Summonings
 + Level 1.0 Necromancy
 + Level 1.0 Translocations
 + Level 1.0 Fire Magic
 + Level 7.1 Ice Magic
 + Level 1.0 Air Magic
 + Level 1.0 Earth Magic
 + Level 1.0 Alchemy
 + Level 1.4 Invocations
 + Level 1.3 Evocations
 + Level 1.2 Shapeshifting


You had 9 spell levels left.
You knew the following spells:

 Your Spells              Type           Power      Damage    Failure   Level
a - Freeze                Ice            100%       1d10      1%          1
b - Frozen Ramparts       Ice            50%        1d8       2%          3

Your spell library contained the following spells:

 Spells                   Type           Power      Damage    Failure   Level
 Ozocubu's Armour         Ice            25%        N/A       2%          3
 Summon Ice Beast         Ice/Summ       16%        N/A       9%          3
 Metabolic Englaciation   Hex/Ice        8%         N/A       63%         5
 Sculpt Simulacrum        Ice/Alch       8%         N/A       99%         6


Dungeon Overview and Level Annotations

Branches:
Dungeon (3/15)

Altars:


Innate Abilities, Weirdness & Mutations

You have very sharp teeth.
Your uncanny sense of smell can sniff out nearby items.
Your experience applies equally to all skills.


Message History

You sock the adder!
You kill the adder!
You closely miss the rat. The rat misses you.
The rat bites you but does no damage.
You hit the rat.
You kill the rat!
n - 2 fuming coppery potions (gained 1) Done exploring.
Search for what [Enter for "."]? .
Okay, then.
You have 117 gold pieces.
What level of the Dungeon? (default 2, ? - help)
You see here a +0 mace.
There is a stone staircase leading down here.
You climb downwards.
Found a ring mail, 2 potions of attraction and a club.
There is a stone staircase leading up here.
Found 5 stones.
A kobold comes into view.
It is wielding a +0 short sword and quivering poisoned darts.
A goblin comes into view.
It is wielding a +1 dagger of distortion.
The kobold shouts!
The goblin shouts!
The goblin unwields a +1 dagger of distortion.
Its appearance distorts for a moment.
The goblin wields a +0 sling.
The goblin shoots a sling bullet.
The sling bullet barely misses you.
An endoplasm comes into view.
The kobold throws a poisoned dart.
The poisoned dart barely misses you. The kobold barely misses you.
You see here 2 potions of attraction.
You barely miss the kobold. The kobold hits you but does no damage.
The goblin unwields a +0 sling.
The goblin wields a +1 dagger of distortion.
Its appearance distorts for a moment.
The goblin hits you with a +1 dagger of distortion.
Space warps horribly around you!
You closely miss the kobold. The kobold closely misses you.
The goblin hits you with a +1 dagger of distortion.
Space warps horribly around you!!
Ouch! That really hurt!
You die...

............# #.. ...
......#.....##.......
............##.##... .
...............#... .#
..#...#..........##...
...................)..
......g...............
....J.K@..............
..............<.....[.
.#....................
##..(......##....#...
.........#.#####..###
#####........# #.#
#.......... ...
#........## ..# .#


You could see an endoplasm, a goblin and a kobold.

Vanquished Creatures
  Jessica (D:2)
  2 adders (D:2)
  A gnoll (D:1)
  A ribbon worm (D:2)
  4 bats
  4 endoplasms
  A giant cockroach (D:2)
  6 goblins
  4 hobgoblins
  9 kobolds
  3 quokkas (D:1)
  3 ball pythons
  8 rats
47 creatures vanquished.

Notes
Turn   | Place    | Note
-------+----------+-------------------------------------------
     0 | D:1      | 0gre the Gnoll Ice Elementalist began the quest for the
                  | Orb.
     0 | D:1      | Reached XP level 1. HP: 13/13 MP: 6/6
    29 | D:1      | Reached XP level 2. HP: 13/19 MP: 3/7
   201 | D:1      | Reached skill level 5 in Spellcasting
   201 | D:1      | Reached XP level 3. HP: 24/25 MP: 7/9
   205 | D:1      | Learned a level 3 spell: Frozen Ramparts
   406 | D:1      | Reached skill level 1 in Invocations
   508 | D:1      | Reached skill level 1 in Fighting
   508 | D:1      | Reached skill level 1 in Short Blades
   508 | D:1      | Reached skill level 1 in Long Blades
   508 | D:1      | Reached skill level 1 in Axes
   508 | D:1      | Reached skill level 1 in Maces & Flails
   508 | D:1      | Reached skill level 1 in Polearms
   508 | D:1      | Reached skill level 1 in Staves
   508 | D:1      | Reached skill level 1 in Ranged Weapons
   508 | D:1      | Reached skill level 1 in Throwing
   508 | D:1      | Reached skill level 1 in Armour
   508 | D:1      | Reached skill level 1 in Shields
   508 | D:1      | Reached skill level 1 in Unarmed Combat
   508 | D:1      | Reached skill level 1 in Evocations
   695 | D:2      | Noticed Jessica
   708 | D:2      | Killed Jessica
   709 | D:2      | Reached skill level 1 in Conjurations
   709 | D:2      | Reached skill level 1 in Hexes
   709 | D:2      | Reached skill level 1 in Summonings
   709 | D:2      | Reached skill level 1 in Necromancy
   709 | D:2      | Reached skill level 1 in Translocations
   709 | D:2      | Reached skill level 1 in Fire Magic
   709 | D:2      | Reached skill level 1 in Air Magic
   709 | D:2      | Reached skill level 1 in Earth Magic
   709 | D:2      | Reached skill level 1 in Alchemy
   709 | D:2      | Reached skill level 1 in Shapeshifting
   709 | D:2      | Reached XP level 4. HP: 27/32 MP: 7/11
  1206 | D:3      | Slain by a goblin

Illustrated notes

Levels and vault maps discovered:
D:1:      scummos_arrival_hexagon, layout_rooms, hangedman_feature_mirror
D:2:      layout_rooms, nicolae_figureground_pulse, uniq_jessica
D:3:      layout_rooms

Skill      XL: |  1  2  3 |
---------------+----------+-----
Spellcasting   | 5 |  5.1
Invocations    | 1 |  1.4
Fighting       | 1 |  1.3
Short Blades   | 1 |  1.3
Long Blades    | 1 |  1.3
Axes           | 1 |  1.3
Maces & Flails | 1 |  1.3
Polearms       | 1 |  1.3
Staves         | 1 |  1.3
Ranged Weapons | 1 |  1.3
Throwing       | 1 |  1.3
Armour         | 1 |  1.3
Shields        | 1 |  1.3
Unarmed Combat | 1 |  1.3
Evocations     | 1 |  1.3
Conjurations   | 1 |  1.0
Hexes          | 1 |  1.0
Summonings     | 1 |  1.0
Necromancy     | 1 |  1.0
Translocations | 1 |  1.0
Fire Magic     | 1 |  1.0
Air Magic      | 1 |  1.0
Earth Magic    | 1 |  1.0
Alchemy        | 1 |  1.0
Shapeshifting  | 1 |  1.2
Dodging        | |  4.7
Stealth        | |  4.3
Ice Magic      | |  7.1

Action                     |  1- 3 |  4- 6 || total
---------------------------+-------+-------++-------
  Melee: Dagger            |    51 |       ||    51
         Bite              |     7 |     3 ||    10
         Flail             |    41 |    26 ||    67
         Punch             |     1 |       ||     1
   Cast: Freeze            |     6 |       ||     6
         Frozen Ramparts   |     2 |     2 ||     4
    Use: Potion            |       |     2 ||     2
   Stab: Sleeping          |     2 |       ||     2
 Armour: Robe              |    45 |    16 ||    61
  Dodge: Dodged            |    62 |    25 ||    87
